 Dungeon Crawl Stone Soup version 0.21-a0-531-gacddea6 (webtiles) character file.

391 slep the Chopper (level 6, -2/47 HPs)
             Began as a Demonspawn Gladiator on Dec 14, 2017.
             Slain by a worm (10 damage)
             ... on level 3 of the Dungeon.
             The game lasted 00:09:11 (2519 turns).

slep the Chopper (Demonspawn Gladiator)             Turns: 2519, Time: 00:09:12

Health: -2/47      AC:  4    Str: 16    XL:     6   Next: 50%
Magic:  6/6        EV: 13    Int: 10    God:
Gold:   132        SH:  0    Dex: 14    Spells: 5/5 levels left

rFire    . . .     SeeInvis .   a - +0 war axe
rCold    . . .     Gourm    .   (no shield)
rNeg     + . .     Faith    .   r - +0 leather armour (curse)
rPois    .         Spirit   .   c - +0 helmet
rElec    .         Reflect  .   (no cloak)
rCorr    .         Harm     .   (no gloves)
MR       .....                  (no boots)
Stlth    ..........             (no amulet)
HPRegen  0.15/turn              w - ring of loudness (curse)
MPRegen  0.10/turn              s - ring of positive energy

@: no status effects
A: claws 1, sturdy frame 1
a: no special abilities


You were on level 3 of the Dungeon.
You were hungry.

You visited 1 branch of the dungeon, and saw 5 of its levels.

You collected 132 gold pieces.

Inventory:

Hand Weapons
 a - a +0 war axe (weapon)
Missiles
 d - 2 throwing nets (quivered)
 k - 2 tomahawks
Armour
 b - a +0 leather armour
 c - a +0 helmet (worn)
 p - a +0 ring mail
 r - a cursed +0 leather armour (worn)
Jewellery
 e - an uncursed ring of wizardry
 m - an uncursed ring of ice
 s - a ring of positive energy (right claw)
 w - a cursed ring of loudness (left claw)
Scrolls
 h - a scroll of teleportation {unknown}
 i - a scroll of remove curse {unknown}
 j - a scroll of noise {unknown}
 n - a scroll of fear {unknown}
 t - a scroll of identify {unknown}
Potions
 g - a potion of lignification {unknown}
 l - a potion of haste {unknown}
 u - a potion of curing {unknown}
 v - a potion of degeneration {unknown}
Comestibles
 f - 3 bread rations
 o - 2 royal jellies
 q - 4 chunks of flesh


   Skills:
 + Level 3.3 Fighting
 + Level 5.3 Axes
 + Level 2.0 Throwing
 + Level 1.9 Armour
 + Level 3.2 Dodging
 + Level 0.6 Stealth


You had 5 spell levels left.
You didn't know any spells.

Dungeon Overview and Level Annotations

Branches:
Dungeon (5/15)
 Temple: D:4-7

Altars:

Annotations:
D:4 Dowan, Duvessa


Innate Abilities, Weirdness & Mutations

You have sharp fingernails.
Your movements are slightly less encumbered by armour. (ER -2)


Message History

The worm barely misses you.
You hit the worm.
The worm is lightly wounded.
You hit the worm.
The worm is moderately wounded.
The worm barely misses you.
You barely miss the worm.
The worm is moderately wounded.
The worm bites you!
You completely miss the worm.
The worm is moderately wounded.
The worm bites you!
* * * LOW HITPOINT WARNING * * *
You hit the worm.
The worm is moderately wounded.
You are feeling hungry.
You hit the worm.
The worm is heavily wounded.
The worm bites you!
You die...

..............#
#.#.#
..............# .#
#.#.#
..............##.#
#.#.#
..............#..
#...#
..............#..
#####
..............#.#
......).......#.# #
..............#.##.#
..............'.@w.#
..............#.##.#
#############.#...
.. ##### #.#..#...#
....# #.#..# ###
##.#### #.#..#
#.....# #.#..#
#.##### #..... #.#
###


You could see a worm.

Vanquished Creatures
  2 ogres
  A bullfrog skeleton (D:5)
  Jessica (D:2)
  A worker ant (D:3)
  5 adders
  2 oozes (D:2)
  An adder skeleton (D:5)
  A worm (D:2)
  A dart slug (D:1)
  4 leopard geckos
  4 orcs
  2 ball pythons
  4 giant cockroaches
  4 goblins
  6 hobgoblins
  6 jackals
  3 quokkas
  9 bats
  6 frilled lizards
  8 kobolds
  6 rats
77 creatures vanquished.

Notes
Turn   | Place    | Note
-------+----------+-------------------------------------------
     0 | D:1      | slep the Demonspawn Gladiator began the quest for the Orb.
     0 | D:1      | Reached XP level 1. HP: 16/16 MP: 1/1
   153 | D:1      | Reached skill level 3 in Axes
   153 | D:1      | Gained mutation: You have sharp fingernails. [demonic ancestry]
   153 | D:1      | Reached XP level 2. HP: 22/22 MP: 2/2
   625 | D:3      | Gained mutation: Your movements are slightly less encumbered by armour. (ER -2) [demonic ancestry]
   625 | D:3      | Reached XP level 3. HP: 19/27 MP: 3/3
   722 | D:4      | Noticed Duvessa
   722 | D:4      | Noticed Dowan
   806 | D:2      | Noticed Jessica
   808 | D:2      | Noticed an ogre
   814 | D:2      | Killed Jessica
   814 | D:2      | Reached XP level 4. HP: 22/34 MP: 4/4
   817 | D:2      | HP: 1/34 [ogre/giant club (21)]
   822 | D:2      | Killed an ogre
   822 | D:2      | Reached skill level 4 in Axes
   822 | D:2      | Reached skill level 1 in Armour
   822 | D:2      | Reached XP level 5. HP: 2/40 MP: 5/5
  2072 | D:4      | Noticed an ogre
  2077 | D:4      | Killed an ogre
  2077 | D:4      | Reached skill level 5 in Axes
  2077 | D:4      | Reached XP level 6. HP: 17/47 MP: 6/6
  2279 | D:5      | Entered Level 5 of the Dungeon
  2519 | D:3      | Slain by a worm

Vault maps used:
D:1:      giann_forest_graveyard, corner_web_ring, minivault_23
D:2:      uniq_jessica
D:3:      first_bread
D:4:      minmay_distorted, uniq_duvessa
D:5:      lemuel_doored_altar

Skill      XL: |  1  2  3  4  5 |
---------------+----------------+-----
Axes           | 3 4 5 |  5.3
Throwing       | 2 |  2.0
Armour         | 1 |  1.9
Dodging        | 3 |  3.2
Fighting       | 3 |  3.3
Stealth        | |  0.6

Action                   |  1- 3 |  4- 6 || total
-------------------------+-------+-------++-------
Melee: War axe           |    74 |   146 ||   220
Throw: Throwing net      |       |     2 ||     2
 Stab: Sleeping          |       |     1 ||     1
  Eat: Chunk             |       |     5 ||     5
Armor: Leather armour    |    28 |    28 ||    56
       Ring mail         |       |    12 ||    12
Dodge: Dodged            |    57 |   105 ||   162

Table legend:
 A = Spawn XP
 B = Non-spawn XP
 C = Spawn XP percentage of total XP
 D = Spawn monster count
 E = Non-spawn monster count
 F = Spawn count percentage of total count
 G = Total turns spent on level
                    A         B        C        D         E        F      G
               +---------+---------+-------+---------+---------+-------+---------
         Total |       0 |     559 |   0.0 |       0 |      77 |   0.0 |  2519
               +---------+---------+-------+---------+---------+-------+---------
           D:1 |       0 |      37 |   0.0 |       0 |      22 |   0.0 |   594
           D:2 |       0 |     252 |   0.0 |       0 |      29 |   0.0 |  1144
           D:3 |       0 |      93 |   0.0 |       0 |      19 |   0.0 |   483
           D:4 |       0 |     125 |   0.0 |       0 |       4 |   0.0 |   236
           D:5 |       0 |      52 |   0.0 |       0 |       3 |   0.0 |    62
               +---------+---------+-------+---------+---------+-------+---------
